 Dungeon Crawl Stone Soup version 0.18-b1-14-g029dad2 (webtiles) character file.

486 Alarkh the Grave Robber (level 6, -13/41 HPs)
             Began as a Mummy Necromancer on Apr 30, 2016.
             Mangled by an ogre
             ... wielding a +0 giant spiked club
              (23 damage)
             ... on level 5 of the Dungeon.
             The game lasted 00:05:49 (3625 turns).

Alarkh the Grave Robber (Mummy Necromancer)         Turns: 3625, Time: 00:05:50

Health: -13/41     AC:  2    Str: 11    XL:     6   Next: 89%
Magic:  0/12       EV: 12    Int: 16    God:
Gold:   264        SH:  0    Dex: 13    Spells: 3 memorised, 5 levels left

rFire  x . .     SeeInvis .     f - +0 spear
rCold  + . .     Gourm    .     a - +0 robe
rNeg   + + +     Faith    .     (no shield)
rPois  ∞         Spirit   .     (no helmet)
rElec  .         Dismiss  .     (no cloak)
rCorr  +         Reflect  .     (no gloves)
SustAt .         Harm     .     (no boots)
MR     .....                    (no amulet)
Stlth  ++........               (no ring)
                                g - ring of resist corrosion

@: very slightly contaminated, not resistant to hostile enchantments, unstealthy
A: no food or potions, fire vulnerability, cold resistance 1, negative energy
resistance 3, torment resistance, unbreathing
a: no special abilities


You were on level 5 of the Dungeon.
You were not hungry.

You visited 1 branch of the dungeon, and saw 5 of its levels.

You collected 264 gold pieces.

Inventory:

Hand Weapons
 c - a +0 short sword
 f - a +0 spear (weapon)
Armour
 a - a +0 robe (worn)
Jewellery
 g - a ring of resist corrosion (left hand)
 i - an uncursed amulet of rage
Scrolls
 d - 2 scrolls of amnesia
 h - a scroll of fog
 j - a scroll of recharging
Books
 b - a book of Necromancy

   Spells                             Type                      Level
   a - Pain                           Necromancy                   1
   b - Animate Skeleton               Necromancy                   1
   c - Vampiric Draining              Necromancy                   3
   d - Regeneration                   Charms/Necromancy            3
   e - Animate Dead                   Necromancy                   4
   f - Control Undead                 Necromancy                   4
 e - a book of Clouds

   Spells                             Type                      Level
   a - Mephitic Cloud                 Conjuration/Poison/Air       3
   b - Conjure Flame                  Conjuration/Fire             3
   c - Poisonous Cloud                Conjuration/Poison/Air       6
   d - Freezing Cloud                 Conjuration/Ice/Air          6
   e - Ring of Flames                 Charms/Fire                  7


   Skills:
 + Level 2.7 Polearms
 - Level 1.5 Dodging
 - Level 1.5 Stealth
 + Level 4.4 Spellcasting
 + Level 6.0 Necromancy


You had 5 spell levels left.
You knew the following spells:

 Your Spells              Type           Power        Failure   Level  Hunger
a - Pain                  Necr           ###.         1%          1    N/A
b - Vampiric Draining     Necr           ###.......   4%          3    N/A
c - Control Undead        Necr           ###.......   14%         4    N/A

Dungeon Overview and Level Annotations

Branches:
Dungeon (5/15)
 Temple: D:4-7

Altars:
Ashenzari
Vehumet
Yredelemnul

Annotations:
D:4 Dowan; Grinder; Scuka's ghost, amateur GrFi


Innate Abilities, Weirdness & Mutations

You do not eat or drink.
Your flesh is vulnerable to fire.
You are immune to poison.
Your flesh is cold resistant.
You are immune to negative energy.
You are immune to unholy pain and torment.
You can survive without breathing.


Message History

Casting: Vampiric Draining
Confirm with . or Enter, or press ? or * to list all spells.
Aiming: Vampiric Draining
Press: ? - help, Shift-Dir - straight line, f/p - ogre
Aim: an ogre, wielding a giant spiked club (moderately wounded)
The ogre is heavily wounded.
You feel life coursing into your body.
The ogre hits you with a giant spiked club!!
Ouch! That really hurt!
* * * LOW HITPOINT WARNING * * *
Casting: Vampiric Draining
Confirm with . or Enter, or press ? or * to list all spells.
Aiming: Vampiric Draining
Press: ? - help, Shift-Dir - straight line, f/p - ogre
Aim: an ogre, wielding a giant spiked club (heavily wounded)
The ogre is almost dead.
You feel life coursing into your body.
The ogre hits you with a giant spiked club!!
Ouch! That really hurt!
You die...

####'## #....# ......#
#.#### ......# #.#
......# #########.#
......#######..O......#
...........##.#########
...........##...#....#
###........####O##.#.###
##.###........@......#
#.....(..........##.###
#..........!.....##.#<#
#................##.#.#
#.###............##...#
#.# #............######
#.# #............# #.#
#............# #.#
##...#########


You could see an ogre.

Vanquished Creatures
  Duvessa (D:4)
  A scorpion (D:5)
  A centaur skeleton (D:4)
  An iguana (D:4)
  2 worker ants
  7 adders
  4 gnolls
  An ooze (D:3)
  3 worms
  5 giant geckos
  3 orcs (D:4)
  4 ball pythons
  8 bats
  6 giant cockroaches
  13 goblins
  8 hobgoblins
  3 jackals (D:1)
  A quokka (D:2)
  3 giant newts
  12 kobolds
  10 rats
97 creatures vanquished.

Vanquished Creatures (collateral kills)
  An orc wizard (D:4)
  An orc (D:4)
2 creatures vanquished.

Grand Total: 99 creatures vanquished

Notes
Turn   | Place    | Note
--------------------------------------------------------------
     0 | D:1      | Alarkh the Mummy Necromancer began the quest for the Orb.
     0 | D:1      | Reached XP level 1. HP: 13/13 MP: 3/3
   411 | D:1      | Reached XP level 2. HP: 19/19 MP: 0/5
   902 | D:1      | Reached XP level 3. HP: 24/24 MP: 3/6
   907 | D:1      | Learned a level 3 spell: Vampiric Draining
  1552 | D:2      | Reached skill level 5 in Necromancy
  1552 | D:2      | Reached XP level 4. HP: 22/30 MP: 0/8
  2306 | D:3      | Found a basalt altar of Yredelemnul.
  2306 | D:3      | Found a shattered altar of Ashenzari.
  2308 | D:3      | Found a radiant altar of Vehumet.
  2407 | D:3      | Learned a level 4 spell: Control Undead
  2549 | D:4      | Reached skill level 1 in Polearms
  2549 | D:4      | Reached XP level 5. HP: 31/35 MP: 10/10
  2724 | D:4      | Noticed Scuka's ghost (amateur GrFi)
  2898 | D:3      | Reached XP level 6. HP: 23/41 MP: 2/11
  3033 | D:4      | Noticed Duvessa
  3033 | D:4      | Noticed Dowan
  3163 | D:4      | Killed Duvessa
  3335 | D:4      | Noticed Grinder
  3360 | D:5      | Entered Level 5 of the Dungeon
  3427 | D:5      | Reached skill level 6 in Necromancy
  3625 | D:5      | Mangled by an ogre

Skill      XL: |  1  2  3  4  5  6 |
---------------+-------------------+-----
Spellcasting   | 3 4 |  4.4
Necromancy     | 5 6 |  6.0
Polearms       | 1 2 |  2.7
Dodging        | |  1.5
Stealth        | |  1.5

Action                   |  1- 3 |  4- 6 || total
-------------------------+-------+-------++-------
Melee: Unarmed           |    12 |       ||    12
       Short sword       |     1 |       ||     1
       Spear             |    21 |    50 ||    71
 Cast: Pain              |    70 |   125 ||   195
       Vampiric Draining |       |    10 ||    10
       Control Undead    |       |     1 ||     1
  Use: Scroll            |     1 |     2 ||     3
 Stab: Sleeping          |     1 |       ||     1
Armor: Robe              |     7 |     8 ||    15
Dodge: Dodged            |    23 |    58 ||    81
